 Dungeon Crawl Stone Soup version 0.23.2-1-ga50397a (webtiles) character file.

Game seed: 15689815017478690590

6 sankara the Ruffian (level 1, 0/16 HPs)
             Began as a Minotaur Transmuter on May 20, 2019.
             Slain by a jackal (1 damage)
             ... on level 1 of the Dungeon.
             The game lasted 00:00:34 (60 turns).

sankara the Ruffian (Minotaur Transmuter)             Turns: 60, Time: 00:00:35

Health: 0/16       AC:  2    Str: 14    XL:     1   Next: 75%
Magic:  1/1        EV: 12    Int: 10    God:
Gold:   10         SH:  0    Dex: 10    Spells: 1/2 levels left

rFire    . . .     SeeInvis .     - Unarmed
rCold    . . .     Gourm    .   (no shield)
rNeg     . . .     Faith    .   b - +0 robe
rPois    .         Spirit   .   (helmet restricted)
rElec    .         Reflect  .   (no cloak)
rCorr    .         Harm     .   (no gloves)
MR       .....                  (no boots)
Stlth    +.........             (no amulet)
HPRegen  0.05/turn              (no ring)
MPRegen  0.07/turn              (no ring)

@: no status effects
A: retaliatory headbutt, horns 2
a: no special abilities


You were on level 1 of the Dungeon.
You were not hungry.

You visited 1 branch of the dungeon, and saw 1 of its levels.

You collected 10 gold pieces.

Inventory:

Missiles
 a - 25 arrows
Armour
 b - a +0 robe (worn)
Scrolls
 c - a scroll of identify {unknown}
Potions
 e - a potion of haste {unknown}
Comestibles
 d - a ration
 f - 4 chunks of flesh {@w0}


   Skills:
 - Level 1.2 Fighting
 - Level 2.1 Dodging
 + Level 3.5 Unarmed Combat
 - Level 1.3 Spellcasting
 + Level 1.8 Transmutations


You had one spell level left.
You knew the following spells:

 Your Spells              Type           Power        Failure   Level  Hunger
a - Beastly Appendage     Tmut           #.....       16%         1    ##.....

Your spell library contained the following spells:

 Spells                   Type           Power        Failure   Level  Hunger
 Sticks to Snakes         Tmut           #.......     24%         2    ###....
 Spider Form              Tmut/Pois      #.........   56%         3    ####...
 Ice Form                 Ice/Tmut       #.......     92%         4    #####..
 Blade Hands              Tmut           #.........   99%         5    ######.


Dungeon Overview and Level Annotations

Branches:
Dungeon (1/15)

Altars:


Innate Abilities, Weirdness & Mutations

You reflexively headbutt those who attack you in melee.
You have a pair of horns on your head.


Message History

Welcome, sankara the Minotaur Transmuter.
The bosom of this dungeon contains the fabled artefact, the Orb of Zot.
Press ? for a list of commands and other information.
Found four human skeletons, a scroll labeled ZIRHUBBENN and 12 gold pieces.
Found a staircase leading out of the dungeon.
Okay, then.
Okay, then.
A bat comes into view.
A bat is nearby!
You closely miss the bat. The bat hits you.
You closely miss the bat. The bat hits you but does no damage.
You hit the bat.
You kill the bat!
No target in view!
No target in view!
c - a scroll labeled ZIRHUBBENN A hobgoblin comes into view.
It is wielding a +0 club.
You see here 10 gold pieces.
The hobgoblin shouts!
You barely miss the hobgoblin.
A rat comes into view. x2
The hobgoblin hits you but does no damage.
You hit the hobgoblin. Your headbutt misses the hobgoblin.
The hobgoblin is heavily wounded.
The hobgoblin hits you but does no damage.
You barely miss the hobgoblin. Your headbutt misses the hobgoblin.
The hobgoblin is heavily wounded.
The hobgoblin hits you with a +0 club.
You are too injured to fight recklessly!
You are too injured to fight recklessly!
You are too injured to fight recklessly!
You hit the hobgoblin.
You kill the hobgoblin!
Things that are here:
a +0 club; a hobgoblin corpse The rat closely misses you.
You hit the rat.
The rat is severely wounded.
The rat closely misses you. The rat misses you. You furiously retaliate!
You headbutt the rat!
You kill the rat!
You hit the rat.
You kill the rat!
You see here a rat corpse.
You butcher the rat corpse.
f - a chunk of flesh {@w0} You see here a rat skeleton.
Things that are here:
a +0 club; a hobgoblin corpse You butcher the hobgoblin corpse.
f - 4 chunks of flesh {@w0} (gained 3)
Things that are here:
a +0 club; a hobgoblin skeleton You now have 10 gold pieces.
a - 25 arrows (gained 13)
e - a sapphire potion A jackal and a kobold come into view.
The kobold shouts!
A jackal comes into view. x2
The jackal moves out of view.
A jackal comes into view.
The jackal moves out of view.
The jackal barks!
You hit the jackal but do no damage. Your headbutt misses the jackal.
You hear a bark!
The jackal barely misses you. You furiously retaliate!
You headbutt the jackal!
You kill the jackal!
The jackal barks!
You hit the kobold but do no damage.
You hear a shout!
The kobold hits you with a +0 dagger.
You are too injured to fight recklessly!
You are too injured to fight recklessly!
You are too injured to fight recklessly!
You barely miss the kobold.
You headbutt the kobold, but do no damage.
The kobold hits you with a +0 dagger.
You closely miss the kobold. You headbutt the kobold.
You kill the kobold!
The jackal barely misses you. You furiously retaliate!
You headbutt the jackal. The jackal bites you. x2
* * * LOW HITPOINT WARNING * * *
You see here a +0 dagger.
You closely miss the jackal. Your headbutt misses the jackal.
The jackal is severely wounded.
The jackal bites you.
* * * LOW HITPOINT WARNING * * *
The jackal barely misses you. The jackal bites you.
You die...

.....8. ....... ♣....#
.....8. ♣....$ # .......
♣..%.# .. ....... ....#
.#. .....8. ...###..#
....... #......
################...####..
#...(...........@h......#
.............###.h.......
#.).÷....................
#............###.........
#..............#.........
#............#.#.#...(...
#............#.#.#..##...
#............#.#.#..# .##
.............#.#.##.#


You could see 2 jackals.

Vanquished Creatures
  A hobgoblin (D:1)
  A jackal (D:1)
  A kobold (D:1)
  A bat (D:1)
  2 rats (D:1)
6 creatures vanquished.

Notes
Turn   | Place    | Note
-------+----------+-------------------------------------------
     0 | D:1      | sankara the Minotaur Transmuter began the quest for the
                  | Orb.
     0 | D:1      | Reached XP level 1. HP: 16/16 MP: 1/1
    58 | D:1      | HP: 4/16 [jackal (2)]
    59 | D:1      | HP: 1/16 [jackal (3)]
    60 | D:1      | Slain by a jackal

Action                   || total
-------------------------++-------
Melee: Unarmed           ||    14
       Headbutt          ||     2
Armor: Robe              ||     2
Dodge: Dodged            ||     6

Levels and vault maps discovered:
D:1:      giann_forest_graveyard, layout_basic, chequers_jeans,
          minmay_pentomino_z4

Table legend:
 A = Turns spent in this place as a percentage of turns spent in the entire game.
 B = Non-inter-level travel turns spent in this place as a percentage of non-inter-level travel turns spent in the entire game.
 C = Inter-level travel turns spent in this place as a percentage of turns spent in this place.
 D = Turns resting spent in this place as a percentage of non-inter-level travel turns spent in this place.
 E = Turns spent auto-exploring this place as a percentage of non-inter-level travel turns spent in this place.
 F = Non-inter-level travel turns spent in this place divided by the number of levels of this place that you've seen.
                   A       B       C       D       E      F
               +-------+-------+-------+-------+-------+----------------------
         Total | 100.0 | 100.0 |   0.0 |   0.0 |  43.3 |  60.0
       Dungeon | 100.0 | 100.0 |   0.0 |   0.0 |  43.3 |  60.0
               +-------+-------+-------+-------+-------+----------------------

Table legend:
 A = Kills in this place as a percentage of kills in entire the game.
 B = Kills by you in this place as a percentage of kills by you in the entire game.
 C = Kills by friends in this place as a percentage of kills by friends in the entire game.
 D = Other kills in this place as a percentage of other kills in the entire game.
 E = Experience gained in this place as a percentage of experience gained in the entire game.
 F = Experience gained in this place divided by the number of levels of this place that you have seen.
                   A       B       C       D       E      F
               +-------+-------+-------+-------+-------+----------------------
         Total | 100.0 | 100.0 |   N/A |   N/A | 100.0 |   9.0
       Dungeon | 100.0 | 100.0 |   N/A |   N/A | 100.0 |   9.0
               +-------+-------+-------+-------+-------+----------------------
